Map: Gresvan LE

Players

winzboy

  • Race: Protoss Protoss
  • League: Gold
  • Spawn Location: 11:00

YALT - Winner!

  • Race: Protoss Protoss
  • Spawn Location: 5:00

VOD

Have the link to the VOD?

Description

Time

  • Played on: May 24, 2023, 2:35 a.m.
  • Length: 6:16
Show
View Real Time Build Order
Export as new Build Order

winzboy Protoss 

Build Orders:  

Get SALT Encoding   

  12  0:03  Probe  
  13  0:15  Probe  
  14  0:23  Pylon  
  14  0:31  Probe (Chrono Boost)  
  15  0:49  Gateway  
  15  0:52  Probe  
  16  1:04  Probe  
  16  1:09  Assimilator  
  17  1:16  Probe (Chrono Boost)  
  19  1:26  Probe (Chrono Boost)  
  19  1:31  Probe (Chrono Boost)  
  20  1:41  Cybernetics Core  
  20  1:43  Probe  
  21  1:50  Nexus  
  21  1:55  Probe  
  21  2:00  Pylon  
  22  2:05  Assimilator  
  22  2:07  Probe  
  23  2:19  Probe  
  24  2:31  Probe, Warp Gate (Chrono Boost)  
  24  2:33  Adept  
  27  2:43  Probe  
  28  2:47  Shield Battery  
  28  2:49  Robotics Facility  
  28  2:55  Probe  
  28  2:56  Pylon  
  29  3:17  Stalker (Chrono Boost)  
  30  3:24  Probe x2  
  32  3:32  Gateway  
  32  3:36  Probe x2  
  32  3:39  Gateway  
  34  3:48  Probe  
  34  3:49  Probe  
  34  3:51  Observer  
  37  4:00  Probe  
  37  4:01  Probe  
  39  4:05  Twilight Council  
  39  4:13  Probe (Chrono Boost)  
  41  4:17  Assimilator  
  41  4:18  Probe (Chrono Boost)  
  41  4:19  Assimilator  
  41  4:22  Probe (Chrono Boost)  
  42  4:26  Probe (Chrono Boost)  
  42  4:31  Stalker  
  45  4:32  Adept  
  45  4:34  Probe  
  45  4:37  Probe  
  49  4:47  Probe  
  49  4:49  Pylon  
  49  4:52  Gateway  
  50  4:54  Gateway  
  50  4:57  Gateway  
  49  5:00  Gateway  
  49  5:07  Stalker x2  
  49  5:08  Stalker  
  49  5:13  Probe x2  
  57  5:25  Probe  
  57  5:26  Probe  
  59  5:29  Pylon  
  59  5:33  Pylon  
  59  5:35  Observer  
  60  5:37  Probe  
Show
View Real Time Build Order
Export as new Build Order

YALT Protoss - Winner!

Build Orders: Blink Stalkers 

Get SALT Encoding   

  12  0:02  Probe  
  13  0:14  Probe  
  14  0:23  Pylon  
  14  0:26  Probe  
  15  0:41  Probe  
  15  0:42  Gateway  
  16  0:49  Assimilator  
  16  0:53  Probe  
  17  0:58  Assimilator  
  17  1:05  Probe (Chrono Boost)  
  18  1:17  Probe (Chrono Boost)  
  19  1:22  Probe (Chrono Boost)  
  20  1:29  Pylon  
  20  1:32  Cybernetics Core  
  20  1:35  Gateway  
  20  1:40  Probe  
  21  1:51  Pylon  
  21  1:52  Probe  
  22  2:05  Stalker (Chrono Boost)  
  24  2:10  Warp Gate  
  24  2:15  Twilight Council  
  24  2:17  Probe  
  25  2:27  Pylon  
  25  2:30  Stalker  
  27  2:43  Robotics Facility  
  27  2:48  Pylon  
  27  3:24  Gateway  
  27  3:33  Gateway  
  27  3:34  Stalker x2  
  27  3:37  Warp Prism (Chrono Boost)  
  27  3:40  Blink (Chrono Boost)  
  33  4:06  Observer  
  34  4:10  Pylon  
  34  4:16  Pylon  
  34  4:57  Stalker x2  
  34  4:58  Stalker x2  
  42  5:12  Pylon  
  42  5:26  Stalker x2  
  42  5:27  Stalker x2  
  50  6:03  Stalker x4  
Tags
 
Composition
Blink Stalkers
League
Gold
Matchup
PvP
Replay Pack
Multiplayer
Spawn Locations
Cross Positions
Add a new tag
Caveats
  • Supply blocks, unpowered buildings, or Contaminate may cause inaccurate times.
  • Supply counts are checked every 10 seconds.